 Dungeon Crawl Stone Soup version 0.30-a0-160-gcfceee88d3 (webtiles) character file.

Game seed: 3164475713004517869

6 qw the Shield-Bearer (level 1, -1/14 HPs)
             Began as a Gargoyle Fighter on Sept 27, 2022.
             Slain by a hobgoblin (2 damage)
             ... on level 1 of the Dungeon.
             The game lasted 00:00:02 (40 turns).

qw the Shield-Bearer (Gargoyle Fighter)               Turns: 40, Time: 00:00:03

Health: -1/14      AC:  9    Str: 19    XL:     1   Next: 90%
Magic:  1/1        EV:  9    Int:  8    God:
Gold:   0          SH:  4    Dex:  9    Spells: 0/0 levels left

rFire   . . .      SeeInvis .    a - +0 war axe
rCold   . . .      Faith    .    c - +0 buckler
rNeg    + . .      Spirit   .    b - +0 scale mail
rPois   inf        Reflect  .    (no helmet)
rElec   +          Harm     .    (no cloak)
rCorr   .          Rampage  .    (no gloves)
Will    .....                    (no boots)
Stlth   ..........               (no amulet)
HPRegen 0.04/turn                (no ring)
MPRegen 0.07/turn                (no ring)

@: no status effects
A: sickness immunity, AC +2, negative energy resistance 1, electricity
resistance, torment resistance 1, petrification resistance
a: no special abilities


You were on level 1 of the Dungeon.
You visited 1 branch of the dungeon, and saw 1 of its levels.


Innate Abilities, Weirdness & Mutations

You are immune to sickness and miasma.
Your stone body is resilient. (AC +2)
You are immune to poison.
You resist negative energy. (rN+)
You are resistant to electric shocks. (rElec)
You are resistant to unholy torment.
You are immune to petrification.


   Skills:
 - Level 3.2 Fighting
 + Level 2.3 Axes
 - Level 3.2 Armour
 - Level 3.2 Shields


You couldn't memorise any spells.
You didn't know any spells.
Your spell library was empty.

Inventory:

Hand Weapons
 a - a +0 war axe (weapon)
Armour
 b - a +0 scale mail (worn)
 c - a +0 buckler (worn)
Scrolls
 e - a scroll of teleportation {unknown}
 f - a scroll of identify {unknown}
Potions
 d - a potion of might
 g - a potion of invisibility {unknown}

Dungeon Overview and Level Annotations

Branches:
Dungeon (1/15)

Altars:


Message History

The shining eye turns its gaze towards you.
A rat comes into view.
An endoplasm comes into view.
The dart slug launches a dart at you. The slug dart hits you.
The endoplasm quivers.
You hit the dart slug but do no damage.
The dart slug bites you but does no damage.
You hit the dart slug.
The dart slug is severely wounded.
You closely miss the hobgoblin.
The hobgoblin hits you but does no damage.
The dart slug launches a dart at you.
The slug dart hits you but does no damage.
A quokka comes into view.
You slash the dart slug!
You kill the dart slug!
You hit the hobgoblin. You block the hobgoblin's attack.
The endoplasm jiggles.
A rat comes into view.
The hobgoblin hits you.
Your Axes skill increases to level 2!
37 ||| Stepping ~*~*~tactically~*~*~ (stealth).
The hobgoblin attacks as you move away! The hobgoblin barely misses you.
The endoplasm attacks as you move away!
The endoplasm hits you but does no damage.
You slash the endoplasm!
You kill the endoplasm!
You closely miss the hobgoblin.
The hobgoblin hits you but does no damage.
You hit the rat.
You kill the rat!
You hit the hobgoblin.
The hobgoblin hits you but does no damage.
You barely miss the hobgoblin.
The hobgoblin is moderately wounded.
The hobgoblin hits you.
The quokka twitches its whiskers.
The hobgoblin hits you.
You die...

##8...8###########
##.#.##.........
#8.#.8#..#.....##
##.#.##.# #..#).
#8.#.8#.###...######
##.#.##..#.........#####
#8...8#........(........
.###'###........!r..#
...(............@g..#
.......##########.#.#
######## #.#... #.# ....
#.# ..).. #.# ##.. #.#
G#.r ..


You could see a quokka and a hobgoblin.

Vanquished Creatures
  A dart slug (D:1)
  An endoplasm (D:1)
  A quokka (D:1)
  A rat (D:1)
4 creatures vanquished.

Notes
Turn   | Place    | Note
-------+----------+-------------------------------------------
     0 | D:1      | qw the Gargoyle Fighter began the quest for the Orb.
     0 | D:1      | Reached XP level 1. HP: 14/14 MP: 1/1
     0 | D:1      | 0 ||| qw: Version: 0.2-a-10-g37ed214
     0 | D:1      | 0 ||| qw: Game counter: 610
     0 | D:1      | 0 ||| qw: Always use a shield: true
     0 | D:1      | 0 ||| qw: God list: Okawaru
     0 | D:1      | 0 ||| qw: Allow faded altars: false
     0 | D:1      | 0 ||| qw: Do Orc after D:15 true
     0 | D:1      | 0 ||| qw: Do second Lair branch before Depths: true
     0 | D:1      | 0 ||| qw: Lair rune preference: random
     0 | D:1      | 0 ||| qw: Plans: Normal, Zot:1-4, God:TSO, Crypt, Tomb,
                  | Pan, Slime:5, Hells, Abyss, Orb
     0 | D:1      | 0 ||| PLANNING D:1-11
    33 | D:1      | Noticed a shining eye
    36 | D:1      | HP: 3/14 [hobgoblin (4)]
    37 | D:1      | 37 ||| Stepping ~*~*~tactically~*~*~ (stealth).
    40 | D:1      | HP: 1/14 [hobgoblin (2)]
    40 | D:1      | Slain by a hobgoblin

Levels and vault maps discovered:
D:1:      heliophobic_arrival_ceremonial_halls, layout_rooms,
          hellmonk_ecumenical_altar_watching_god

Skill      XL: |  1 |
---------------+----+-----
Axes           | 2 |  2.3
Fighting       | |  3.2
Armour         | |  3.2
Shields        | |  3.2

Action                   || total
-------------------------++-------
Melee: War axe           ||     7
Armor: Scale mail        ||     7
Dodge: Dodged            ||     2
Block: Buckler           ||     1

Table legend:
 A = Non-vault XP
 B = Vault XP
 C = Vault XP percentage of total XP
 D = Non-vault monster count
 E = Vault monster count
 F = Vault count percentage of total count
                 A         B        C        D         E       F
            +---------+---------+-------+---------+---------+-------
      Total |       9 |       0 |   0.0 |       4 |       0 |   0.0
            +---------+---------+-------+---------+---------+-------
        D:1 |       9 |       0 |   0.0 |       4 |       0 |   0.0
            +---------+---------+-------+---------+---------+-------
